 Dungeon Crawl Stone Soup version 0.19-a0-517-gd6a9987 (webtiles) character file.

392 Kidiri the Magician (level 6, -1/32 HPs)
             Began as a Deep Elf Fire Elementalist on June 6, 2016.
             Slain by a jackal zombie (2 damage)
             ... in an ossuary.
             The game lasted 00:17:15 (4494 turns).

Kidiri the Magician (Deep Elf Fire Elementalist)    Turns: 4494, Time: 00:17:15

Health: -1/32      AC:  3    Str:  5    XL:     6   Next: 51%
Magic:  2/17       EV: 18    Int: 27    God:
Gold:   150        SH:  4    Dex: 20    Spells: 5 memorised, 4 levels left

rFire  . . .     SeeInvis .     f - +0 dagger
rCold  . . .     Gourm    .     a - +0 robe
rNeg   . . .     Faith    .     k - +0 buckler
rPois  .         Spirit   .     (no helmet)
rElec  .         Dismiss  .     l - +0 cloak
rCorr  .         Reflect  .     (no gloves)
SustAt .         Harm     .     (no boots)
MR     .....                    (no amulet)
Stlth  +++.......               (no ring)
                                u - ring of flight

@: brilliant, agile, very slightly contaminated, not resistant to hostile
enchantments, fairly stealthy
A: no striking features
a: Evoke Flight


You were in an ossuary.
You were not hungry.

You visited 1 branch of the dungeon, and saw 4 of its levels.
You also visited: Ossuary.

You collected 150 gold pieces.

Inventory:

Hand Weapons
 f - a +0 dagger (weapon)
Armour
 a - a +0 robe (worn)
 k - a +0 buckler (worn)
 l - a +0 cloak (worn)
 t - a +0 large shield
Jewellery
 g - an uncursed ring of ice
 u - a ring of flight (left hand)
Scrolls
 i - a scroll of remove curse
 p - 3 scrolls of teleportation
Potions
 d - a potion of agility
 e - a potion of cure mutation
Books
 b - a book of Flames

   Spells                             Type                      Level
   a - Flame Tongue                   Conjuration/Fire             1
   b - Throw Flame                    Conjuration/Fire             2
   c - Conjure Flame                  Conjuration/Fire             3
   d - Inner Flame                    Hexes/Fire                   3
   e - Sticky Flame                   Conjuration/Fire             4
   f - Fireball                       Conjuration/Fire             5
Comestibles
 c - 2 bread rations
 h - 2 meat rations
 j - a beef jerky
 n - 9 chunks of flesh


   Skills:
 + Level 0.2 Fighting
 + Level 0.2 Short Blades
 + Level 0.0 Armour
 + Level 2.6 Dodging
 - Level 2.4 Stealth
 + Level 0.5 Shields
 * Level 6.1 Spellcasting
 * Level 3.7 Conjurations
 * Level 5.2 Fire Magic


You had 4 spell levels left.
You knew the following spells:

 Your Spells              Type           Power        Failure   Level  Hunger
a - Flame Tongue          Conj/Fire      #####        1%          1    None
b - Throw Flame           Conj/Fire      #####.       1%          2    None
c - Conjure Flame         Conj/Fire      #####...     1%          3    None
d - Inner Flame           Hex/Fire       #####...     1%          3    None
e - Sticky Flame          Conj/Fire      #####...     2%          4    ###....


Dungeon Overview and Level Annotations

Branches:
Dungeon (4/15)             Temple (0/1) D:4

Altars:


Message History

The human zombie burns!
The human zombie burns!
Found 22 gold pieces.
Casting: Sticky Flame
Confirm with . or Enter, or press ? or * to list all spells.
You don't have enough magic to cast that spell.
Unknown command.
The human zombie burns!
Found 24 gold pieces.
The human zombie burns!
You destroy the human zombie!
The mummy hits you!
* * * LOW HITPOINT WARNING * * *
Unknown command.
Okay, then.
You found a spear trap!
The hound zombie bites you but does no damage.
Found a gate leading back out of this place.
The hound zombie closely misses you. The jackal zombie bites you.
You die...

#################
.∩...........+$$#
.......@Z....#$$#
####....Z..Z^####
...........M....#
.................Z....#
...............##Z....#
...............##.....#
..................Z...#
......................#
...................#..#


You could see a mummy, a jackal zombie, a hound zombie, a goblin zombie, a big
kobold zombie, an orc zombie and an elf zombie.

Vanquished Creatures
  A howler monkey (D:4)
  A human zombie (Ossuary)
  An orc priest (D:3)
  2 orc wizards
  A worker ant (D:2)
  Ijyb (D:2)
  A hound zombie (Ossuary)
  2 mummies
  3 adders
  An ooze (D:1)
  3 worms
  2 dart slugs
  2 giant geckos
  10 orcs
  5 giant cockroaches
  15 goblins
  10 hobgoblins
  4 jackals (D:2)
  A quokka (D:3)
  5 ball pythons
  8 bats
  3 giant newts
  8 kobolds
  An orc zombie (D:4)
  8 rats
99 creatures vanquished.

Notes
Turn   | Place    | Note
--------------------------------------------------------------
     0 | D:1      | Kidiri the Deep Elf Fire Elementalist began the quest for the Orb.
     0 | D:1      | Reached XP level 1. HP: 10/10 MP: 6/6
   222 | D:1      | Reached XP level 2. HP: 15/15 MP: 2/8
   627 | D:1      | Learned a level 2 spell: Throw Flame
   731 | D:1      | Reached skill level 4 in Spellcasting
  1033 | D:1      | Reached XP level 3. HP: 19/19 MP: 4/10
  1634 | D:2      | Learned a level 3 spell: Conjure Flame
  1638 | D:2      | Learned a level 3 spell: Inner Flame
  2523 | D:2      | Reached XP level 4. HP: 18/24 MP: 7/12
  2686 | D:2      | Noticed Ijyb
  2719 | D:2      | Killed Ijyb
  3048 | D:2      | Reached skill level 5 in Spellcasting
  3215 | D:2      | Learned a level 4 spell: Sticky Flame
  3286 | D:3      | Reached XP level 5. HP: 28/28 MP: 12/14
  4239 | D:4      | Reached skill level 5 in Fire Magic
  4239 | D:4      | Reached XP level 6. HP: 24/32 MP: 8/16
  4271 | D:4      | Found a staircase to the Ecumenical Temple.
  4336 | D:4      | Reached skill level 6 in Spellcasting
  4421 | D:4      | Found a sand-covered staircase.
  4459 | Ossuary  | Entered an ossuary
  4486 | Ossuary  | HP: 1/32 [mummy (10)]
  4494 | Ossuary  | Slain by a jackal zombie

Vault maps used:
D:1:      lemuel_arrival_river_passageway
D:2:      uniq_iyjb
D:3:      first_bread
D:4:      kennysheep_slug_shrine, minmay_temple_entry_glassed_door,
          nicolae_ossuary_entry_giza, serial_shops, shop, uniq_blork_the_orc
Ossuary:  ossuary_minmay_tomb_2a

Skill      XL: |  1  2  3  4  5  6 |
---------------+-------------------+-----
Spellcasting   | 4 5 6 |  6.1
Conjurations   | 2 3 |  3.7
Fire Magic     | 4 5 |  5.2
Fighting       | |  0.2
Short Blades   | |  0.2
Dodging        | |  2.6
Stealth        | |  2.4
Shields        | |  0.5

Action                   |  1- 3 |  4- 6 || total
-------------------------+-------+-------++-------
Melee: Dagger            |    34 |     4 ||    38
 Cast: Flame Tongue      |    61 |    89 ||   150
       Throw Flame       |    17 |    19 ||    36
       Sticky Flame      |       |     3 ||     3
       Conjure Flame     |       |     1 ||     1
  Use: Scroll            |       |     8 ||     8
       Potion            |       |     7 ||     7
 Stab: Sleeping          |     3 |       ||     3
  Eat: Chunk             |     4 |     2 ||     6
       Fruit             |     3 |       ||     3
       Pizza             |     2 |       ||     2
Armor: Robe              |     7 |     8 ||    15
Dodge: Dodged            |    42 |    28 ||    70
Block: Buckler           |     5 |     5 ||    10
